 Dungeon Crawl Stone Soup version 0.30-a0-802-gb92711bcdf (webtiles) character file.

Game seed: 17737282086900345977

778 testman the Cudgeller (level 7, -4/71 HPs)
             Began as a Troll Berserker on Feb 24, 2023.
             Was a Believer of Trog.
             Slain by a gnoll
             ... wielding a +0 whip
              (8 damage)
             ... on level 5 of the Dungeon.
             The game lasted 00:08:52 (2994 turns).

testman the Cudgeller (Troll Berserker)             Turns: 2994, Time: 00:08:53

Health: -4/71      AC:  4    Str: 28    XL:     7   Next: 54%
Magic:  6/6        EV: 10    Int:  3    God:    Trog [**....]
Gold:   205        SH:  5    Dex:  9    Spells: 6/6 levels left

rFire   + . .      SeeInvis .    v - +0 giant club
rCold   . . .      Faith    .    (shield currently unavailable)
rNeg    . . .      Spirit   .    b - +0 animal skin
rPois   .          Reflect  +    (helmet restricted)
rElec   .          Harm     .    (no cloak)
rCorr   .          Rampage  .    (gloves unavailable)
Will    ++...                    (boots unavailable)
Stlth   +                        n - amulet of reflection
HPRegen 2.11/turn                h - ring of protection from fire
MPRegen 0.10/turn                u - ring of flight

@: strong-willed (expiring), on berserk cooldown, flying, regenerating
(expiring), slowed, very slow
A: large, unfitting armour, claws 3, regeneration 1, shaggy fur 1, tough skin 1
a: Renounce Religion, Berserk, Trog's Hand


You were on level 5 of the Dungeon.
You worshipped Trog.
Trog was pleased with you.
You visited 1 branch of the dungeon, and saw 5 of its levels.

You collected 205 gold pieces.

Inventory:

Hand Weapons
 v - a +0 giant club (weapon)
Missiles
 o - 6 poisoned darts (quivered)
Armour
 b - a +0 animal skin (worn)
Jewellery
 h - a ring of protection from fire (left claw)
 n - an amulet of reflection (around neck)
 u - a ring of flight (right claw)
Scrolls
 d - 7 scrolls of identify {unknown}
 e - 2 scrolls of teleportation {unknown}
 p - 2 scrolls of fear {unknown}
 q - a scroll of vulnerability {unknown}
 r - a scroll of enchant armour {unknown}
 t - 2 scrolls of poison {unknown}
 w - a scroll of summoning {unknown}
Potions
 a - 2 potions of magic {unknown}
 c - 2 potions of mutation {unknown}
 f - 3 potions of flight {unknown}
 g - a potion of curing {unknown}
 i - a potion of brilliance {unknown}
 j - a potion of invisibility {unknown}
 k - a potion of degeneration {unknown}
 l - a potion of heal wounds {unknown}
 m - 2 potions of cancellation {unknown}
 s - 2 potions of resistance {unknown}


   Skills:
 + Level 4.3 Fighting
 + Level 4.8 Maces & Flails
 + Level 3.1 Throwing
 + Level 4.3 Dodging


You had 6 spell levels left.
You didn't know any spells.
Your spell library contained the following spells:

 Spells                   Type           Power      Damage    Failure   Level
 Slow                     Hex            0%         N/A       52%         1
 Confusing Touch          Hex            0%         N/A       88%         3
 Vampiric Draining        Necr           0%         2d6       88%         3


Dungeon Overview and Level Annotations

Branches:
Dungeon (5/15)
 Temple: D:4-7

Altars:
Dithmenos
Qazlal
Uskayaw
The Shining One

Shops:
D:4 =


Innate Abilities, Weirdness & Mutations

You are too large for most types of armour.
You have claws for hands.
Your natural rate of healing is unusually fast.
You are covered in fur. (AC +1)
You have tough skin. (AC +1)


Message History

You hit the gnoll bouda.
The gnoll bouda is moderately wounded.
You block the gnoll's attack.
The gnoll hits you from afar with a +0 spear.
The gnoll closely misses you.
The gnoll hits you from afar with a +0 spear.
The gnoll bouda misses you. The gnoll hits you with a +0 whip.
The gnoll hits you from afar with a +0 spear.
You block the gnoll's attack.
The gnoll hits you from afar with a +0 spear.
The gnoll bouda hits you but does no damage.
You block the gnoll's attack.
You barely miss the gnoll bouda.
The gnoll bouda is moderately wounded.
You feel the effects of Trog's Hand fading.
The gnoll hits you from afar with a +0 spear.
The gnoll closely misses you.
The gnoll bouda hits you with a +0 club!
You block the gnoll's attack. The gnoll hits you but does no damage.
The gnoll hits you from afar with a +0 spear.
* * * LOW HITPOINT WARNING * * *
The gnoll hits you with a +0 club.
* * * LOW HITPOINT WARNING * * *
The gnoll bouda hits you with a +0 club.
* * * LOW HITPOINT WARNING * * *
The gnoll barely misses you. The gnoll hits you with a +0 whip.
* * * LOW HITPOINT WARNING * * *
You thump the gnoll bouda!
The gnoll bouda is almost dead.
The gnoll is no longer moving quickly. x2
The gnoll hits you from afar with a +0 spear.
* * * LOW HITPOINT WARNING * * *
The gnoll hits you with a +0 club.
* * * LOW HITPOINT WARNING * * *
The gnoll bouda barks out a call to the hunt!
The gnolls pick up the pace!
The gnoll hits you from afar with a +0 spear.
* * * LOW HITPOINT WARNING * * *
The gnoll hits you with a +0 whip!
You die...

.... ..... ...... #
##########......
#.######...............
.##(...g##g.........#.....
......gggg@...............
......gog#g.........#......
.......g.#..........#.....[
.........#.........).......
.........#.......PPPPPPP...
.........#######.........#.
.........# #.P.PPP.P.#.
....###### #.P.....P...
.... #.P.._..P.#.


You could see a gnoll bouda, 9 gnolls and an orc.

Vanquished Creatures
  A black bear (D:5)
  An ogre (D:4)
  A phantom (D:4)
  Blork the orc (D:4)
  A hound (D:5)
  4 orc priests
  2 iguanas
  3 orc wizards
  4 gnolls
  5 adders
  A worm (D:2)
  6 dart slugs
  16 orcs
  7 endoplasms
  3 giant cockroaches
  9 goblins
  11 hobgoblins
  3 jackals (D:3)
  3 kobolds
  5 quokkas
  4 ball pythons
  4 bats
  7 frilled lizards
  4 rats
106 creatures vanquished.

Notes
Turn   | Place    | Note
-------+----------+-------------------------------------------
     0 | D:1      | testman the Troll Berserker began the quest for the Orb.
     0 | D:1      | Reached XP level 1. HP: 22/22 MP: 0/0
    34 | D:1      | Reached XP level 2. HP: 8/29 MP: 1/1
   386 | D:1      | Reached ** piety under Trog
   387 | D:1      | Reached XP level 3. HP: 35/36 MP: 2/2
   613 | D:1      | Found a faded altar of an unknown god.
  1243 | D:3      | Reached XP level 4. HP: 45/45 MP: 3/3
  1278 | D:3      | Found a hide-covered altar of Uskayaw.
  1453 | D:3      | Found a glowing golden altar of the Shining One.
  1573 | D:3      | Reached skill level 1 in Throwing
  1577 | D:3      | Reached XP level 5. HP: 53/53 MP: 4/4
  1871 | D:4      | Noticed a phantom
  1884 | D:4      | Killed a phantom
  1930 | D:4      | Found Digapn's Jewellery Boutique.
  1990 | D:4      | Reached XP level 6. HP: 61/61 MP: 5/5
  2071 | D:4      | Found a stormy altar of Qazlal.
  2161 | D:4      | Noticed Blork the orc
  2173 | D:4      | Killed Blork the orc
  2344 | D:4      | Reached XP level 7. HP: 70/70 MP: 6/6
  2791 | D:5      | Entered Level 5 of the Dungeon
  2871 | D:5      | Found a shadowy altar of Dithmenos.
  2994 | D:5      | Slain by a gnoll

Illustrated notes

Levels and vault maps discovered:
D:1:      wander_arrival_abandoned_jail, layout_rooms,
          dilly_ecumenical_altar_fadedgnrine, minivault_5
D:2:      layout_basic, hangedman_decor_push
D:3:      layout_basic, mainiacjoe_overflow_paths, lemuel_round_altar
D:4:      layout_loops_ring, lemuel_tele_altar, serial_shops,
          nicolae_shop_hallway_stairs, uniq_blork_the_orc
D:5:      layout_basic, mainiacjoe_overflow_cross_hatched,
          minmay_temple_entry_overgrown

Skill      XL: |  1  2  3  4  5  6  7 |
---------------+----------------------+-----
Maces & Flails | 3 4 |  4.8
Fighting       | 3 4 |  4.3
Dodging        | 3 4 |  4.3
Throwing       | 1 2 3 |  3.1

Action                     |  1- 3 |  4- 6 |  7- 9 || total
---------------------------+-------+-------+-------++-------
  Melee: Mace              |   162 |   164 |       ||   326
         Punch             |     1 |     2 |       ||     3
         Giant club        |       |    20 |    63 ||    83
 Invoke: Berserk           |       |     6 |     3 ||     9
         Trog's Hand       |       |     3 |     2 ||     5
   Stab: Sleeping          |     3 |       |       ||     3
 Armour: Animal skin       |    72 |    73 |    14 ||   159
  Dodge: Dodged            |   122 |   105 |    54 ||   281
  Block: Other             |     6 |    51 |    24 ||    81
         Reflection        |     1 |       |     1 ||     2

Table legend: (Time is in decaauts)
 A = Elapsed time spent in this place.
 B = Non-inter-level travel time spent in this place.
 C = Inter-level travel time spent in this place.
 D = Time resting spent in this place.
 E = Time spent auto-exploring this place.
 F = Levels seen in this place.
 G = Mean time per level.
                   A        B        C        D        E       F      G
               +--------+--------+--------+--------+--------+-----+--------+
         Total |   3174 |   3098 |     76 |    245 |   1982 |   5 |  634.8 |
       Dungeon |   3174 |   3098 |     76 |    245 |   1982 |   5 |  634.8 |
               +--------+--------+--------+--------+--------+-----+--------+

Top non-repeatable levels by time:
     D:4: 1008 daAuts
     D:3: 718 daAuts
     D:1: 697 daAuts
     D:2: 521 daAuts
     D:5: 228 daAuts
